 Dungeon Crawl Stone Soup version 0.30.1-3-gfc49f6343a (webtiles) character file.

Game seed: 8481397825098611483

1194 cheesebisquit the Ruffian (level 8, -2/79 HPs)
             Began as a Troll Fighter on July 24, 2023.
             Was an Initiate of Wu Jian.
             Slain by an ogre
             ... wielding a +0 giant club
              (24 damage)
             ... on level 6 of the Dungeon.
             The game lasted 00:09:23 (5128 turns).

cheesebisquit the Ruffian (Troll Fighter)           Turns: 5128, Time: 00:09:23

Health: -2/79      AC:  5    Str: 25    XL:     8   Next: 20%
Magic:  7/7        EV:  9    Int:  9    God:    Wu Jian [......]
Gold:   308        SH:  0    Dex:  9    Spells: 7/7 levels left

rFire   . .          .
                       - Unarmed
rCold   . . .        b - +0 kite shield
rNeg    . . .        a - +0 robe
rPois   .            (helmet restricted)
rElec   .            o - +0 cloak "Tiodicium" {Will+ rCorr Int+3}
rCorr   +            (gloves unavailable)
SInv    .            (boots unavailable)
Will    +....        (no amulet)
Stlth   +            A - ring of resist corrosion
HPRegen 1.13/turn    (no ring)
MPRegen 0.10/turn

%: no passive effects
@: confused, mighty, ambrosia-drunk
A: large, unfitting armour, claws 3, regeneration 1, shaggy fur 1, tough skin 1
a: Renounce Religion


You were on level 6 of the Dungeon.
You worshipped Wu Jian.
Wu Jian was noncommittal.
You visited 2 branches of the dungeon, and saw 7 of its levels.

You collected 308 gold pieces.

Inventory:

Missiles
 u - 5 large rocks (quivered)
 D - 11 poisoned darts
Armour
 a - a +0 robe (worn)
 b - a +0 kite shield (worn)
 o - the +0 cloak "Tiodicium" (worn) {Will+ rCorr Int+3}
   (You found it on level 2 of the Dungeon)

   Int:       It affects your intelligence (+3).
   rCorr:     It protects you from acid and corrosion.
   Will:      It increases your willpower.
Jewellery
 t - an amulet of faith
 A - a ring of resist corrosion (left claw)
 B - a ring of ice
 F - a ring of ice
Wands
 y - a wand of iceblast (9)
Scrolls
 d - a scroll of fear {unknown}
 e - 2 scrolls of teleportation
 g - a scroll of enchant armour {unknown}
 h - a scroll of poison {unknown}
 j - a scroll of magic mapping {unknown}
 m - a scroll of silence {unknown}
 n - a scroll of acquirement {unknown}
 q - 3 scrolls of blinking
 w - a scroll of immolation
 x - a scroll of butterflies {unknown}
 C - a scroll of fog {unknown}
 E - a scroll of vulnerability {unknown}
Potions
 f - a potion of flight
 i - a potion of curing
 k - a potion of attraction
 l - 2 potions of lignification {unknown}
 p - a potion of degeneration {unknown}
 r - 2 potions of ambrosia
 s - a potion of haste {unknown}
 z - a potion of brilliance {unknown}


   Skills:
 + Level 4.7 Fighting
 - Level 2.4 Dodging
 + Level 5.2 Shields
 * Level 7.2 Unarmed Combat


You had 7 spell levels left.
You didn't know any spells.
Your spell library contained the following spells:

 Spells                   Type           Power      Damage    Failure   Level
 Freeze                   Ice            0%         1d3       63%         1
 Frozen Ramparts          Ice            0%         1d1       94%         3
 Hailstorm                Conj/Ice       0%         3d3       94%         3


Dungeon Overview and Level Annotations

Branches:
Dungeon (6/15)             Temple (1/1) D:5

Altars:
Ashenzari
Cheibriados
Dithmenos
Elyvilon
Fedhas
Gozag
Hepliaklqana
Makhleb
Nemelex Xobeh
Qazlal
Sif Muna
Trog
Uskayaw
Vehumet
Wu Jian
Xom
Yredelemnul
Zin
The Shining One

Shops:
D:3 [


Innate Abilities, Weirdness & Mutations

You are too large for most types of armour.
You have claws for hands.
Your natural rate of healing is unusually fast.
You are covered in fur. (AC +1)
You have tough skin. (AC +1)


Message History

You feel sick.
There is an escape hatch in the ceiling here.
You feel sick. A mysterious force pulls you upwards.
The hatch slams shut behind you.
You feel sick.
You feel sick.
You feel sick.
You feel sick.
You are no longer poisoned.
HP restored.
Done exploring.
You see here 4 stones.
There is an open door here.
There is a stone staircase leading down here.
You climb downwards.
Found an escape hatch in the floor.
There is a stone staircase leading up here.
There is an escape hatch in the floor here.
Found 2 stones.
You now have 300 gold pieces (gained 8).
You see here 2 stones.
You now have 308 gold pieces (gained 8).
You open the door.
An ogre comes into view. It is wielding a +0 giant club.
The ogre moves out of view.
There is an open door here.
The ogre hits you with a +0 giant club!!
You scratch the ogre.
The ogre is lightly wounded.
The ogre hits you with a +0 giant club!!
You are too injured to fight recklessly!
You are too injured to fight recklessly!
You feel very mighty all of a sudden.
You are confused.
You feel invigorated. The ogre hits you with a +0 giant club!
* * * LOW HITPOINT WARNING * * *
You mangle the ogre!!
The ogre is almost dead.
The ogre hits you with a +0 giant club!!
You die...

#########......
#......#........
#......#........
#......#........
#......#........
#......#........
#......#........
#......'........
#......#@.......
#......#O.......
#......#........
#####.##........
#.##........
#.##########
#.#########
#.........#
#########.#


You could see an ogre.

Vanquished Creatures
  3 water moccasins (D:6)
  A black bear (D:6)
  An ogre (D:5)
  A scorpion (D:4)
  4 hounds
  An orc priest (D:6)
  3 jellies
  A sleepcap (D:6)
  Crazy Yiuf (D:4)
  4 iguanas
  Natasha (thrice) (D:2)
  A gnoll (D:1)
  6 adders
  A shadow imp (D:4)
  2 ufetubi
  2 dart slugs
  3 orcs
  7 endoplasms
  A giant cockroach (D:3)
  8 goblins
  6 hobgoblins
  7 jackals
  2 quokkas
  6 ball pythons
  5 bats
  4 frilled lizards
  4 kobolds
  6 rats
94 creatures vanquished.

Notes
Turn   | Place    | Note
-------+----------+-------------------------------------------
     0 | D:1      | cheesebisquit the Troll Fighter began the quest for the
                  | Orb.
     0 | D:1      | Reached XP level 1. HP: 22/22 MP: 0/0
   230 | D:1      | Reached XP level 2. HP: 29/29 MP: 1/1
   725 | D:2      | Noticed Natasha
   735 | D:2      | Killed Natasha
   736 | D:2      | Reached skill level 3 in Unarmed Combat
   736 | D:2      | Reached XP level 3. HP: 21/36 MP: 2/2
   820 | D:2      | Identified the +0 cloak "Tiodicium" {Will+ rCorr Int+3}
   904 | D:2      | Noticed Natasha
   912 | D:2      | Killed Natasha
   913 | D:2      | Reached XP level 4. HP: 34/44 MP: 3/3
  1021 | D:2      | Noticed Natasha
  1028 | D:2      | Killed Natasha
  1303 | D:3      | Found a glowing silver altar of Zin.
  1521 | D:3      | Reached XP level 5. HP: 53/53 MP: 4/4
  1667 | D:3      | Reached skill level 4 in Unarmed Combat
  1682 | D:3      | Found Hienoocu's Antique Armour Shoppe.
  1750 | D:3      | Identified the +0 ring mail of Huypei {rElec Int+9 Slay-2}
  2259 | D:3      | Found a faded altar of an unknown god.
  2634 | D:4      | Found a runed translucent door.
  2635 | D:4      | Noticed Crazy Yiuf
  2890 | D:4      | Reached XP level 6. HP: 61/61 MP: 5/5
  3506 | D:4      | Killed Crazy Yiuf
  3507 | D:4      | Reached skill level 5 in Unarmed Combat
  3585 | D:5      | Entered Level 5 of the Dungeon
  3661 | D:5      | Found a staircase to the Ecumenical Temple.
  3682 | Temple   | Entered the Ecumenical Temple
  4038 | D:5      | Found a glowing golden altar of the Shining One.
  4227 | D:5      | Reached XP level 7. HP: 68/68 MP: 6/6
  4296 | D:5      | Found a basalt altar of Yredelemnul.
  4302 | D:5      | Found an ornate altar of the Wu Jian Council.
  4305 | D:5      | Found a shimmering altar of Xom.
  4307 | D:5      | Became a worshipper of the Wu Jian Council
  4308 | D:5      | Found a white marble altar of Elyvilon.
  4486 | D:6      | Reached skill level 6 in Unarmed Combat
  4837 | D:6      | Reached skill level 5 in Shields
  4950 | D:6      | Reached skill level 7 in Unarmed Combat
  4950 | D:6      | Reached XP level 8. HP: 46/79 MP: 7/7
  5128 | D:6      | Slain by an ogre

Illustrated notes

Levels and vault maps discovered:
D:1:      wander_arrival_fairy_ring, layout_basic, serial_corexii_hall,
          corexii_hall_statues_l, chequers_hall_statues_wall_a,
          chequers_serial_rivers_small_a, nicolae_figureground_pulse
D:2:      layout_rooms, palyth_stone_intersect, uniq_natasha
D:3:      layout_basic, zin_academy, serial_shops,
          nicolae_shop_just_a_little_nook, shapermc_ecumenical_altar_petra,
          minmay_misc_feat_room, chequers_garden
D:4:      layout_basic, uniq_crazy_yiuf_cottage
D:5:      layout_gridville, nicolae_overflow_hallway_of_the_gods,
          minmay_temple_entry_mini_moons, enter_ossuary_1,
          hangedman_decor_peaks_small
D:6:      layout_basic, mainiacjoe_overflow_alcove_2,
          mainiacjoe_overflow_catwalk, minmay_unpleasant_kobolds
Temple:   hellmonk_temple_forest_ring

Skill      XL: |  1  2  3  4  5  6  7 |
---------------+----------------------+-----
Shields        | 3 4 5 |  5.2
Unarmed Combat | 3 4 5 7 |  7.2
Fighting       | 3 4 |  4.7
Dodging        | |  2.4

Action                     |  1- 3 |  4- 6 |  7- 9 || total
---------------------------+-------+-------+-------++-------
  Melee: Unarmed           |    53 |   157 |    60 ||   270
  Throw: Boomerang         |       |    16 |       ||    16
         Large rock        |       |       |     1 ||     1
Ability: Lunge             |       |       |     2 ||     2
    Use: Scroll            |       |     7 |     2 ||     9
         Potion            |       |     1 |     5 ||     6
   Stab: Sleeping          |       |     4 |       ||     4
 Armour: Robe              |    17 |    40 |    13 ||    70
  Dodge: Dodged            |    17 |    42 |    21 ||    80
  Block: Kite shield       |    19 |    52 |    22 ||    93
